 Dungeon Crawl Stone Soup version 0.16-a0-2652-gd333f3b (webtiles) character file.

147 RobertPalmer the Chiller (level 5, -2/31 HPs)
             Began as an Octopode Ice Elementalist on Nov 23, 2014.
             Slain by an adder (4 damage)
             ... on level 3 of the Dungeon.
             The game lasted 00:07:17 (3299 turns).

RobertPalmer the Chiller (OpIE)                     Turns: 3299, Time: 00:07:17

Health: -2/31      AC:  1    Str:  8      XL:     5   Next: 29%
Magic:  9/9        EV: 12    Int: 17      God:
Gold:   39         SH:  0    Dex: 11 (13) Spells: 3 memorised, 0 levels left

rFire  + . .     SeeInvis .     (no weapon)
rCold  + . .     Clarity  .     (no shield)
rNeg   . . .     SustAb   .     (helmet restricted)
rPois  .         Gourm    .     (no amulet)
rElec  .         Spirit   .     l - ring of protection from cold
rCorr  .         Warding  .     d - ring of protection from fire
rMut   .         Stasis   .     (no ring)
MR     .....                    (no ring)
Stlth  +++.......               (no ring)
                                (no ring)
                                (no ring)
                                (no ring)

@: not resistant to hostile enchantments, fairly stealthy
A: almost no armour, amphibious, 8 rings, constrict 8, camouflage 1, gelatinous
body 1
a: no special abilities


You were on level 3 of the Dungeon.
You were hungry.

You visited 1 branch of the dungeon, and saw 3 of its levels.

You collected 39 gold pieces.


Innate Abilities, Weirdness & Mutations

You cannot wear most types of armour.
You are amphibious.
You can wear up to eight rings at the same time.
You can use your tentacles to constrict many enemies at once.
Your skin changes colour to match your surroundings (Stealth).
Your rubbery body absorbs attacks (AC +1).


   Skills:
 - Level 2.0 Dodging
 - Level 2.6 Stealth
 - Level 2.0 Spellcasting
   Level 1.0 Conjurations
 + Level 5.8 Ice Magic


You couldn't memorise any spells.
You knew the following spells:

 Your Spells              Type           Power        Failure   Level  Hunger
a - Ozocubu's Armour      Chrm/Ice       ##......     21%         3    ###....
x - Summon Ice Beast      Ice/Summ       ##......     71%         4    #####..
z - Freeze                Ice            ###.         1%          1    #......

Inventory:

Jewellery
 d - a ring of protection from fire (right tentacle)
 l - a ring of protection from cold (left tentacle)
Scrolls
 e - a scroll of fear {unknown}
 g - 3 scrolls of identify
 h - a scroll of amnesia {unknown}
 k - a scroll of remove curse {unknown}
 o - a scroll of recharging
Potions
 a - a potion of invisibility {unknown}
Books
 b - a book of Frost
Comestibles
 c - a bread ration
 j - a beef jerky
 n - a royal jelly
 q - a meat ration

Dungeon Overview and Level Annotations

Branches:
Dungeon (3/15)

Altars:
Nemelex Xobeh
Okawaru
Yredelemnul

Annotations:
D:2 Sigmund, Terence
D:3 Grinder

#######
#.....#######.
.####.o.oo........
>!.....oo########.
.......S@........
#.##......######.
#.###.... # #...##
##... ...# ....
..## .


You could see an orc priest, an adder and 4 orcs.


Message History

You climb downwards.
Level annotation: Grinder
There is a stone staircase leading up here.
You start resting.
You are feeling hungry.
Read which item? (? for menu, Esc to quit)
As you read the scroll labeled FRUTAOR LAGOAV, it crumbles to dust.
The scroll dissolves into smoke.
It was a scroll of fog.
Read which item? (? for menu, Esc to quit)
As you read the scroll labeled GORURU SHAG, it crumbles to dust.
You feel strangely unstable.
It was a scroll of teleportation.
Your surroundings suddenly seem different.
An orc comes into view.
The orc shouts!
An orc priest comes into view. It is wielding a trident.
The orc priest shouts!
An orc comes into view. It is wielding a trident.
The orc shouts!
The orc hits you with a trident!
Found a fuming amethyst potion.
An adder and 2 orcs come into view.
The orc priest hits you from afar with a trident.
* * * LOW HITPOINT WARNING * * *
The orc barely misses you. The orc hits you.
* * * LOW HITPOINT WARNING * * *
Found a stone staircase leading down.
The orc priest hits you from afar with a trident!
* * * LOW HITPOINT WARNING * * *
The adder bites you.
You die...

Action                   |  1- 3 |  4- 6 || total
-------------------------+-------+-------++-------
Melee: Unarmed           |    84 |    49 ||   133
 Cast: Freeze            |    32 |    30 ||    62
       Ozocubu's Armour  |       |     1 ||     1
  Use: Scroll            |       |     5 ||     5
       Potion            |       |     3 ||     3
 Stab: Sleeping          |     5 |     4 ||     9
  Eat: Chunk             |     4 |     4 ||     8

Vault maps used:
D:1:      ncdulo_wetmaze
D:2:      okawaru_metal_pillars_3, nemelex_xobeh_ov_fountains_minmay,
          yredelemnul_forgotten_temple_becter, uniq_terence, uniq_sigmund,
          uniq_crazy_yiuf_cottage, uniq_iyjb
D:3:      lemuel_crystal_altar, corexii_item_surrounded_by_moat,
          minmay_misc_feat_more_columns, uniq_grinder

Notes
Turn   | Place    | Note
--------------------------------------------------------------
     0 | D:1      | RobertPalmer, the Octopode Ice Elementalist, began the quest for the Orb.
     0 | D:1      | Reached XP level 1. HP: 11/11 MP: 3/3
   518 | D:1      | Reached XP level 2. HP: 13/17 MP: 1/4
   875 | D:1      | Reached skill level 4 in Ice Magic
  1095 | D:1      | Reached XP level 3. HP: 11/21 MP: 3/6
  1581 | D:1      | Learned a level 3 spell: Ozocubu's Armour
  1651 | D:1      | Noticed a phantom
  1691 | D:2      | Noticed Sigmund
  1754 | D:2      | Found a sparkling altar of Nemelex Xobeh.
  1972 | D:2      | Noticed Ijyb
  1985 | D:2      | Killed Ijyb
  1985 | D:2      | Reached XP level 4. HP: 15/27 MP: 1/7
  2151 | D:2      | Reached skill level 5 in Ice Magic
  2161 | D:2      | Found a basalt altar of Yredelemnul.
  2429 | D:2      | Found an iron altar of Okawaru.
  2441 | D:2      | Reached XP level 5. HP: 17/31 MP: 5/9
  2495 | D:2      | Noticed Terence
  2502 | D:2      | Identified a potion of resistance
  3057 | D:3      | Learned a level 4 spell: Summon Ice Beast
  3092 | D:3      | Noticed Grinder
  3299 | D:3      | HP: 2/31 [orc priest/trident (8)]
  3299 | D:3      | Slain by an adder

Vanquished Creatures
  Ijyb (D:2)
  7 adders
  A worm (D:2)
  A giant gecko (D:2)
  5 bats
  5 goblins
  7 hobgoblins
  2 quokkas
  A ball python (D:3)
  4 giant cockroaches
  5 giant newts
  10 jackals
  8 kobolds
  7 rats
64 creatures vanquished.
